SAAA
PLYMOUTH ROCKS @ ROYSE CITY TARGARYENS
06/18/2034
 
TOP OF THE 1ST
Plymouth Rocks batting - Pitching for Royse City Targaryens : LHP Fred Proctor
Pitching: LHP Fred Proctor
Batting: RHB Chang-lit Min 0-0: Swinging Strike
0-1: Foul Ball, location: 2F
0-2: Ball
1-2: Ground out 6-3 (Groundball, 6D)
Batting: RHB Cosmo Bjorkenheim 0-0: Ball
1-0: Called Strike
1-1: Ground out 5-3 (Groundball, 56)
Batting: RHB Ernesto Trevino 0-0: Foul Ball, location: 2F
0-1: Ball
1-1: SINGLE (Flyball, 56D)
Batting: RHB Xi-ku See-to 0-0: Ball
1-0: Ball
Ernesto Trevino steals 2nd base
2-0: Ball
3-0: Called Strike
3-1: Called Strike
3-2: Foul Ball, location: 2F
3-2: Foul Ball, location: 2F
3-2: Foul Ball, location: 2F
3-2: Foul Ball, location: 2F
3-2: Fly out, F6 (Line Drive, 6M)
Top of the 1st over - 0 runs, 1 hit, 0 errors, 1 left on base; Plymouth 0 - Royse City 0
BOTTOM OF THE 1ST
Royse City Targaryens batting - Pitching for Plymouth Rocks : LHP Rio Bavin
Pitching: LHP Rio Bavin
Batting: LHB Donald Brown 0-0: Ball
1-0: Fly out, F1 (Popup, P)
Batting: RHB José García 0-0: Ball
1-0: Ball
2-0: Ground out 5-3 (Groundball, 56)
Batting: RHB Melvin Thomas 0-0: Ball
1-0: SINGLE (Groundball, 6MD)
Batting: RHB Víctor Cuevas 0-0: Fielders Choice at 2nd, 6-4 (Groundball, 6)
Bottom of the 1st over - 0 runs, 1 hit, 0 errors, 1 left on base; Plymouth 0 - Royse City 0
TOP OF THE 2ND
Plymouth Rocks batting - Pitching for Royse City Targaryens : LHP Fred Proctor
Batting: LHB Octávio Ontiveros 0-0: Ball
1-0: Foul Ball, location: 2F
1-1: Ball
2-1: Ball
3-1: SINGLE (Groundball, 25) (infield hit)
Batting: RHB Bruce Ingilby 0-0: Ball
1-0: Ball
2-0: Fielders Choice at 2nd, 6-4 (Groundball, 56)
Batting: SHB Javier Vega 0-0: Ball
1-0: Ground out 4-3 (Groundball, 4S)
Bruce Ingilby to second
Batting: LHB Jeff Lawson 0-0: Called Strike
0-1: Foul Ball, location: 2F
0-2: Strikes out swinging
Top of the 2nd over - 0 runs, 1 hit, 0 errors, 1 left on base; Plymouth 0 - Royse City 0
BOTTOM OF THE 2ND
Royse City Targaryens batting - Pitching for Plymouth Rocks : LHP Rio Bavin
Batting: SHB Vernon T. Waldrip 0-0: Ground out 5-3 (Groundball, 56)
Batting: RHB Cristo Cuervo 0-0: Ball
1-0: Ball
2-0: Ball
3-0: Called Strike
3-1: Foul Ball, location: 2F
3-2: Foul Ball, location: 2F
3-2: Base on Balls
Batting: RHB Gilberto Clemente 0-0: Grounds into double play, 5-4-3 (Groundball, 5L)
Bottom of the 2nd over - 0 runs, 0 hits, 0 errors, 0 left on base; Plymouth 0 - Royse City 0
TOP OF THE 3RD
Plymouth Rocks batting - Pitching for Royse City Targaryens : LHP Fred Proctor
Batting: RHB Manuel Barrios 0-0: Ball
1-0: Foul Ball, location: 2F
1-1: Ball
2-1: Ball
3-1: SINGLE (Groundball, 6MD)
Batting: RHB Chang-lit Min 0-0: Ball
1-0: SINGLE (Flyball, 89M)
Manuel Barrios to second
Batting: RHB Cosmo Bjorkenheim 0-0: Ball
1-0: Swinging Strike
1-1: SINGLE (Line Drive, 7S)
Manuel Barrios to third
Chang-lit Min to second
Batting: RHB Ernesto Trevino 0-0: Called Strike
0-1: Ball
1-1: Foul Ball, location: 2F
1-2: Ball
2-2: Foul Ball, location: 2F
2-2: SINGLE (Groundball, 56D) - runner OUT being hit by batted ball.
Cosmo Bjorkenheim to second
Batting: RHB Xi-ku See-to 0-0: Called Strike
0-1: Ball
1-1: Ball
2-1: Ball
3-1: Fly out, F6 (Flyball, 6MD)
Batting: LHB Octávio Ontiveros 0-0: Swinging Strike
0-1: Ball
1-1: Ball
2-1: Foul Ball, location: 2F
2-2: Foul Ball, location: 2F
2-2: Fielders Choice at 2nd, U6 (Groundball, 6M)
Top of the 3rd over - 0 runs, 4 hits, 0 errors, 3 left on base; Plymouth 0 - Royse City 0
BOTTOM OF THE 3RD
Royse City Targaryens batting - Pitching for Plymouth Rocks : LHP Rio Bavin
Batting: LHB Takahiro Suzuki 0-0: Ball
1-0: Swinging Strike
1-1: Ball
2-1: Ball
3-1: Foul Ball, location: 2F
3-2: Strikes out looking
Batting: LHB Denis Jerningham 0-0: Called Strike
0-1: Called Strike
0-2: Strikes out swinging
Batting: LHB Donald Brown 0-0: Foul Ball, location: 2F
0-1: Swinging Strike
0-2: Ball
1-2: SOLO HOME RUN (Flyball, 9D), Distance : 336 ft
Batting: RHB José García 0-0: Ball
1-0: Foul Ball, location: 2F
1-1: Foul Ball, location: 2F
1-2: Ground out 5-3 (Groundball, 5)
Bottom of the 3rd over - 1 run, 1 hit, 0 errors, 0 left on base; Plymouth 0 - Royse City 1
TOP OF THE 4TH
Plymouth Rocks batting - Pitching for Royse City Targaryens : LHP Fred Proctor
Batting: RHB Bruce Ingilby 0-0: Called Strike
0-1: Ball
1-1: Foul Ball, location: 2F
1-2: Ball
2-2: Ball
3-2: Ground out 6-3 (Groundball, 6S)
Batting: SHB Javier Vega 0-0: Called Strike
0-1: Swinging Strike
0-2: Strikes out swinging
Batting: LHB Jeff Lawson 0-0: Called Strike
0-1: Ball
1-1: Called Strike
1-2: Ball
2-2: Fly out, F7 (Flyball, 5D)
Top of the 4th over - 0 runs, 0 hits, 0 errors, 0 left on base; Plymouth 0 - Royse City 1
BOTTOM OF THE 4TH
Royse City Targaryens batting - Pitching for Plymouth Rocks : LHP Rio Bavin
Batting: RHB Melvin Thomas 0-0: Ball
1-0: Ball
2-0: Ball
3-0: Called Strike
3-1: Base on Balls
Batting: RHB Víctor Cuevas 0-0: Called Strike
0-1: Ball
1-1: Foul Ball, location: 2F
1-2: Hit by Pitch
Melvin Thomas to second
Batting: SHB Vernon T. Waldrip 0-0: Fly out, F4 (Line Drive, 4M)
Batting: RHB Cristo Cuervo 0-0: Called Strike
0-1: Fly out, F9 (Flyball, 9LM)
Batting: RHB Gilberto Clemente 0-0: Fly out, F8 (Flyball, 89D)
Bottom of the 4th over - 0 runs, 0 hits, 0 errors, 2 left on base; Plymouth 0 - Royse City 1
TOP OF THE 5TH
Plymouth Rocks batting - Pitching for Royse City Targaryens : LHP Fred Proctor
Batting: RHB Manuel Barrios 0-0: Called Strike
0-1: Ball
1-1: Ball
2-1: Ground out 6-3 (Groundball, 56)
Batting: RHB Chang-lit Min 0-0: Called Strike
0-1: Fly out, F9 (Flyball, 9LSF)
Batting: RHB Cosmo Bjorkenheim 0-0: Ground out 4-3 (Groundball, 4)
Top of the 5th over - 0 runs, 0 hits, 0 errors, 0 left on base; Plymouth 0 - Royse City 1
BOTTOM OF THE 5TH
Royse City Targaryens batting - Pitching for Plymouth Rocks : LHP Rio Bavin
Batting: LHB Takahiro Suzuki 0-0: Foul Ball, location: 2F
0-1: Ground out 4-3 (Groundball, 4D)
Batting: LHB Denis Jerningham 0-0: Ball
1-0: Called Strike
1-1: Foul Ball, location: 2F
1-2: Foul Ball, location: 2F
1-2: Ball
2-2: Fly out, F8 (Flyball, 89M)
Batting: LHB Donald Brown 0-0: Ball
1-0: Foul Ball, location: 2F
1-1: Ball
2-1: Bunt missed!
2-2: SINGLE (Groundball, 34D)
Batting: RHB José García 0-0: Called Strike
Donald Brown steals 2nd base
0-1: Ball
1-1: Ground out 5-3 (Groundball, 56)
Bottom of the 5th over - 0 runs, 1 hit, 0 errors, 1 left on base; Plymouth 0 - Royse City 1
TOP OF THE 6TH
Plymouth Rocks batting - Pitching for Royse City Targaryens : LHP Fred Proctor
Batting: RHB Ernesto Trevino 0-0: Ball
1-0: Ground out 5-3 (Groundball, 56)
Batting: RHB Xi-ku See-to 0-0: Ball
1-0: Ball
2-0: Called Strike
2-1: Ball
3-1: Called Strike
3-2: Base on Balls
Batting: LHB Octávio Ontiveros 0-0: Ball
1-0: Called Strike
1-1: Foul Ball, location: 2F
1-2: Fielders Choice at 2nd, 4-6 (Groundball, 4)
Batting: RHB Bruce Ingilby 0-0: Ball
1-0: Ground out U3 (Groundball, 34)
Top of the 6th over - 0 runs, 0 hits, 0 errors, 1 left on base; Plymouth 0 - Royse City 1
BOTTOM OF THE 6TH
Royse City Targaryens batting - Pitching for Plymouth Rocks : LHP Rio Bavin
Batting: RHB Melvin Thomas 0-0: Called Strike
0-1: Swinging Strike
0-2: Foul Ball, location: 2F
0-2: Foul Ball, location: 2F
0-2: Ball
1-2: Ball
2-2: Ball
3-2: SOLO HOME RUN (Flyball, 89XD), Distance : 369 ft
Batting: RHB Víctor Cuevas 0-0: Called Strike
0-1: Called Strike
0-2: Strikes out swinging
Batting: SHB Vernon T. Waldrip 0-0: DOUBLE (Line Drive, 8RD)
Batting: RHB Cristo Cuervo 0-0: Ground out 4-3 (Groundball, 4)
Vernon T. Waldrip to third
Batting: RHB Gilberto Clemente 0-0: Ball
1-0: Ball
2-0: Foul Ball, location: 2F
2-1: SINGLE (Groundball, 6D)
Vernon T. Waldrip scores
Batting: LHB Takahiro Suzuki 0-0: Ball
1-0: Ball
2-0: Called Strike
2-1: Called Strike
2-2: Foul Ball, location: 2F
2-2: Foul Ball, location: 2F
2-2: Foul Ball, location: 2F
2-2: DOUBLE (Groundball, 3L)
Gilberto Clemente to third
Batting: LHB Denis Jerningham 0-0: Called Strike
0-1: Ball
1-1: Called Strike
1-2: Ball
2-2: Ball
3-2: SINGLE (Line Drive, 7S)
Gilberto Clemente scores
Takahiro Suzuki to third
Takahiro Suzuki scores
Pitching: LHP Timmo Vreke
Batting: LHB Donald Brown 0-0: Called Strike
0-1: Ball
1-1: Foul Ball, location: 2F
1-2: Ball
2-2: Fly out, F8 (Flyball, 78D)
Bottom of the 6th over - 4 runs, 5 hits, 0 errors, 1 left on base; Plymouth 0 - Royse City 5
TOP OF THE 7TH
Plymouth Rocks batting - Pitching for Royse City Targaryens : LHP Fred Proctor
Batting: SHB Javier Vega 0-0: Fly out, F2 (Popup, 23F)
Batting: LHB Jeff Lawson 0-0: Swinging Strike
0-1: Foul Ball, location: 2F
0-2: Ball
1-2: Ground out 4-3 (Groundball, 4)
Batting: RHB Manuel Barrios 0-0: Ground out 4-3 (Groundball, 4)
Top of the 7th over - 0 runs, 0 hits, 0 errors, 0 left on base; Plymouth 0 - Royse City 5
BOTTOM OF THE 7TH
Royse City Targaryens batting - Pitching for Plymouth Rocks : LHP Timmo Vreke
Batting: RHB José García 0-0: Ball
1-0: Ball
2-0: Ball
3-0: Called Strike
3-1: Fly out, F7 (Flyball, 7LM)
Batting: RHB Melvin Thomas 0-0: Called Strike
0-1: Foul Ball, location: 2F
0-2: Ball
1-2: Ball
2-2: Fly out, F4 (Line Drive, 4M)
Batting: RHB Víctor Cuevas 0-0: Ball
1-0: Foul Ball, location: 2F
1-1: Ball
2-1: Foul Ball, location: 2F
2-2: Foul Ball, location: 2F
2-2: SINGLE (Line Drive, 7S)
Batting: SHB Vernon T. Waldrip 0-0: Ball
1-0: Swinging Strike
Víctor Cuevas steals 2nd base
1-1: Swinging Strike
1-2: Ball
2-2: Ground out 6-3 (Groundball, 6)
Bottom of the 7th over - 0 runs, 1 hit, 0 errors, 1 left on base; Plymouth 0 - Royse City 5
TOP OF THE 8TH
Plymouth Rocks batting - Pitching for Royse City Targaryens : LHP Fred Proctor
Pitching: RHP Pak Dong Hyeon
Batting: RHB Chang-lit Min 0-0: Called Strike
0-1: SINGLE (Line Drive, 78S)
Batting: RHB Cosmo Bjorkenheim 0-0: Ball
1-0: Ball
2-0: Ball
3-0: Base on Balls
Chang-lit Min to second
Batting: RHB Ernesto Trevino 0-0: Foul Ball, location: 2F
0-1: Swinging Strike
0-2: Foul Ball, location: 2F
0-2: Ball
1-2: Ball
2-2: Ball
3-2: Ground out 6-3 (Groundball, 6S)
Chang-lit Min to third
Cosmo Bjorkenheim to second
Batting: RHB Xi-ku See-to 0-0: Foul Ball, location: 2F
0-1: Foul Ball, location: 2F
0-2: Strikes out swinging
Batting: LHB Octávio Ontiveros 0-0: SINGLE (Groundball, 4D)
Chang-lit Min scores
Cosmo Bjorkenheim to third
Runner from 3rd tries for Home, SAFE, no throw
Batting: RHB Bruce Ingilby 0-0: Reached on error, E4 (Groundball, 4)
Octávio Ontiveros to third
Batting: SHB Javier Vega 0-0: Foul Ball, location: 2F
0-1: Ball
1-1: Fly out, F7 (Flyball, 78S)
Top of the 8th over - 2 runs, 2 hits, 1 error, 2 left on base; Plymouth 2 - Royse City 5
BOTTOM OF THE 8TH
Royse City Targaryens batting - Pitching for Plymouth Rocks : LHP Timmo Vreke
Batting: RHB Cristo Cuervo 0-0: Ground out 6-3 (Groundball, 6)
Batting: RHB Gilberto Clemente 0-0: Ball
1-0: Foul Ball, location: 2F
1-1: Ground out 6-3 (Groundball, 56D)
Batting: LHB Takahiro Suzuki 0-0: Fly out, F8 (Flyball, 8RS)
Bottom of the 8th over - 0 runs, 0 hits, 0 errors, 0 left on base; Plymouth 2 - Royse City 5
TOP OF THE 9TH
Plymouth Rocks batting - Pitching for Royse City Targaryens : RHP Pak Dong Hyeon
Pitching: RHP Enrique García
Batting: LHB Jeff Lawson 0-0: Ball
1-0: Fly out, F7 (Flyball, 7LDF)
Batting: RHB Manuel Barrios 0-0: Ground out 6-3 (Groundball, 6)
Batting: RHB Chang-lit Min 0-0: Called Strike
0-1: Foul Ball, location: 2F
0-2: Ground out 6-3 (Groundball, 6)
Top of the 9th over - 0 runs, 0 hits, 0 errors, 0 left on base; Plymouth 2 - Royse City 5
Friday, March 29th, 2019 - OOTP Baseball 18.8 Build 76